AoeStats
← AltenPfleger_89

Glade

503195388Analyzed
1v1 RM · 1mo ago on Aug 30, 2026· 90m 25s· 2 players
Game mode
Random Map
Map size
Tiny (2 player)
Population
200
Speed
Normal
Resources
Standard
Victory
Conquest
Starting age
Dark Age
Ending age
Imperial Age
RankedLock teamsTeams togetherTeam positionsShared explorationLock speedFull tech treeHidden civsTurbo modeCheats
Victory
Defeat
🇩🇪 Wei · Germany
253
+12
🇧🇷 Koreans · Brazil
153
-12
tonycountrybr
7:00 Loom
11:19 Feudal Age
11:40 Man-at-Arms
14:28 Wheelbarrow
14:23 Double-Bit Axe
23:56 Horse Collar
24:47 Forging
25:43 Fletching
25:54 Scale Mail Armor
32:29 Castle Age
31:57 Gold Mining
34:24 Gold Shaft Mining
33:40 Stone Mining
34:41 Hand Cart
35:05 Bow Saw
36:32 Heavy Plow
38:00 Thumb Ring
38:10 Crossbowman
38:39 Gambesons
38:59 Long Swordsman
41:14 Town Watch
43:57 Town Patrol
44:12 Pikeman
44:52 Squires
45:51 Stone Shaft Mining
47:05 Masonry
46:38 Treadmill Crane
47:18 Fortified Wall
47:06 Murder Holes
47:46 Sanctity
47:23 Herbal Medicine
47:53 Eupseong
49:09 Chain Mail Armor
49:30 Iron Casting
50:17 Devotion
51:12 Ballistics
55:09 Husbandry
54:30 Light Cavalry
59:17 Scale Barding Armor
60:54 Bodkin Arrow
60:30 Elite Skirmisher
65:30 Imperial Age
63:25 Chain Barding Armor
65:44 Capped Ram
76:26 Two-Man Saw
74:52 Elite Fire Lancer
74:56 Halberdier
74:59 Two-Handed Swordsman
75:03 Halberdier
75:03 Two-Handed Swordsman
75:07 Arbalester
79:32 Architecture
78:49 Arrowslits
79:22 Siege Engineers
AltenPfleger_89
0:30 Loom
12:21 Feudal Age
14:38 Man-at-Arms
23:19 Wheelbarrow
22:37 Double-Bit Axe
33:43 Scale Barding Armor
33:48 Forging
33:40 Scale Mail Armor
35:58 Castle Age
36:43 Long Swordsman
37:25 Squires
36:49 Light Cavalry
37:31 Husbandry
37:42 Bloodlines
38:29 Tuntian
39:45 Pikeman
43:43 Horse Collar
47:31 Imperial Age
46:13 Hand Cart
49:16 Conscription
49:23 Ming Guang Armor
49:41 Hussar
51:19 Guard Tower
51:51 Ballistics
51:13 Treadmill Crane
52:36 Chain Barding Armor
52:52 Iron Casting
53:02 Heavy Plow
53:19 Bow Saw
53:19 Town Watch
53:29 Elite Tiger Cavalry
55:00 Crop Rotation
56:36 Chemistry
55:50 Fortified Wall
55:31 Heated Shot
55:39 Murder Holes
56:51 Parthian Tactics
56:32 Thumb Ring
56:13 Heavy Hei Guang Cavalry
58:34 Keep
58:49 Padded Archer Armor
58:41 Fletching
59:07 Chain Mail Armor
59:53 Blast Furnace
61:00 Masonry
61:13 Leather Archer Armor
60:54 Bodkin Arrow
63:06 Halberdier
74:40 Ring Archer Armor
74:11 Bracer
88:44 Capped Ram
89:53 Siege Ram
Connection lost

Rejoining the realm…

Still unreachable

The connection could not be restored.

Session expired

The server has moved on; the page needs a fresh start.